[Event "Titled Tuesday Blitz January 10 Early 2023"]
[White "Nogerbek, Kazybek"]
[Black "Aaditya Dhingra"]
[WhiteFideId "13710427"]
[BlackFideId "25678191"]
[WhiteElo "2474"]
[BlackElo "2027"]
[Result "0-1"]
[Round "08"]
[TimeControl "180+2"]
[Date "2023.01.10"]
[WhiteClock "0:00:07"]
[BlackClock "0:00:07"]

1. d4 d5 2. Nf3 Nf6 3. c4 e6 4. Nc3 c6 5. Qd3 dxc4 6. Qxc4 b5 7. Qd3 Bb7 8. g3 a6 9. Bg2 c5 10. O-O Nbd7 11. Rd1 c4 12. Qc2 Rc8 13. a3 Be7 14. e4 O-O 15. h3 Bc6 16. Be3 Qc7 17. Rd2 Qb7 18. d5 exd5 19. Nd4 Ne5 20. Nxc6 Qxc6 21. Nxd5 Nxd5 22. Rxd5 Nd3 23. e5 Qg6 24. a4 b4 25. b3 Nxe5 26. Be4 Qe6 27. Rad1 g6 28. Bf4 Nd3 29. Bxd3 cxd3 30. Qxd3 Rc3 31. Qd4 Bf6 32. Qxb4 Qxh3 33. Rd6 Qg4 34. Qb7 Bg5 35. Be5 Rc5 36. Ba1 h5 37. R6d4 Qf5 38. Rd5 Rxd5 39. Qxd5 Qxd5 40. Rxd5 f6 0-1


[Site "https://www.chess.com"]

[Event "Titled Tuesday Blitz January 10 Early 2023"]
[White "Rustemov, Alexander"]
[Black "Lakshmi C"]
[WhiteFideId "4119002"]
[BlackFideId "25035347"]
[WhiteElo "2525"]
[BlackElo "1928"]
[Result "1-0"]
[Round "08"]
[TimeControl "180+2"]
[Date "2023.01.10"]
[WhiteClock "0:00:50"]
[BlackClock "0:00:09"]

1. d4 Nf6 2. c4 e6 3. Nf3 b6 4. a3 Bb7 5. Nc3 d5 6. Bg5 Be7 7. Bxf6 Bxf6 8. cxd5 exd5 9. Qa4+ Nd7 10. g3 O-O 11. Bh3 c6 12. Nxd5 Nc5 13. Nxf6+ Qxf6 14. dxc5 Qxb2 15. Qd4 Qb5 16. a4 Qa5+ 17. Qd2 Qxc5 18. O-O Rad8 19. Qb2 Qh5 20. Bg2 c5 21. Rfd1 Rxd1+ 22. Rxd1 Bc6 23. Qc2 Qg4 24. Ra1 Qh5 25. Ne1 Bd7 26. Nd3 Rc8 27. Nf4 Qe5 28. Rd1 Bf5 29. e4 Bg4 30. f3 Be6 31. Nxe6 Qxe6 32. Bf1 c4 33. Qxc4 Qxc4 34. Bxc4 h6 35. Bb5 Rc3 36. Rd3 Rc1+ 37. Kg2 Ra1 38. e5 a6 39. Bxa6 Rxa4 40. Rd8+ Kh7 41. Bd3+ g6 42. f4 Ra2+ 43. Kf3 Ra3 44. Rd7 Kg8 45. Ke4 Rb3 46. Bc4 Rb4 47. Kd3 b5 48. Bxf7+ Kf8 49. Bxg6 Rb3+ 50. Ke4 Rb2 51. e6 1-0


[Site "https://www.chess.com"]

[Event "Titled Tuesday Blitz January 10 Early 2023"]
[White "Goryachkina, Aleksandra"]
[Black "Parpiev, Isaak"]
[WhiteFideId "4147103"]
[BlackFideId "34281576"]
[WhiteElo "2571"]
[BlackElo "2167"]
[Result "1/2-1/2"]
[Round "08"]
[TimeControl "180+2"]
[Date "2023.01.10"]
[WhiteClock "0:00:04"]
[BlackClock "0:00:05"]

1. e4 e5 2. Nc3 Nc6 3. Nf3 Nf6 4. d4 d6 5. dxe5 Nxe5 6. Nxe5 dxe5 7. Qxd8+ Kxd8 8. Bc4 Ke8 9. f3 c6 10. Be3 Nd7 11. O-O-O a5 12. a4 Bc5 13. Rhe1 Bxe3+ 14. Rxe3 Nc5 15. g3 Ke7 16. b3 f6 17. Ree1 h5 18. h4 Be6 19. Bxe6 Nxe6 20. Ne2 Rad8 21. f4 Rxd1+ 22. Rxd1 Rd8 23. Rxd8 Kxd8 24. Kd2 Ke7 25. Ke3 Nc5 26. Ng1 Kd6 27. Nf3 Nd7 28. Nd2 Kc5 29. Kd3 b5 30. c3 Kd6 31. Ke3 Nb6 32. Kd3 bxa4 33. bxa4 Nxa4 34. Nc4+ Kc5 35. Nxa5 Kb5 36. Nb3 Nc5+ 37. Kc2 Nxe4 38. fxe5 fxe5 39. Nc1 Nxg3 40. Nd3 e4 41. Nf4 e3 42. Kd3 e2 43. Kd2 Kc4 44. Ne6 Kd5 45. Nxg7 Ke5 46. Ne8 Kf4 47. Nd6 Kf3 48. Ke1 Kg4 49. Nc4 Kxh4 50. Ne5 Kg5 51. Nxc6 h4 52. Nd4 h3 53. Kf2 h2 54. Nf3+ Kf4 55. Nxh2 Ne4+ 56. Kxe2 Nxc3+ 1/2-1/2


[Site "https://www.chess.com"]

[Event "Titled Tuesday Blitz January 10 Early 2023"]
[White "Boyer, Mahel"]
[Black "Berezin, Viktor"]
[WhiteFideId "45102422"]
[BlackFideId "14107872"]
[WhiteElo "2489"]
[BlackElo "2307"]
[Result "0-1"]
[Round "08"]
[TimeControl "180+2"]
[Date "2023.01.10"]
[WhiteClock "0:00:02"]
[BlackClock "0:00:03"]

1. d4 Nf6 2. Bf4 g6 3. f3 d6 4. e4 Bg7 5. Nc3 O-O 6. Qd2 Nbd7 7. Bh6 e5 8. Bxg7 Kxg7 9. Nge2 c6 10. h4 h5 11. O-O-O b5 12. g4 b4 13. Nb1 hxg4 14. h5 Rh8 15. h6+ Kh7 16. Qxb4 gxf3 17. Ng3 c5 18. dxc5 Nxc5 19. Nc3 Be6 20. Bh3 Rb8 21. Qa3 Bxh3 22. Rxh3 Qd7 23. Rhh1 Qg4 24. Rxd6 Ncxe4 25. Ngxe4 Nxe4 26. Nxe4 Qxe4 27. Rf6 Rb7 28. Qxf3 Qxf3 29. Rxf3 f5 30. Ra3 Rc8 31. Ra6 Rcc7 32. b3 e4 33. c4 Rb6 34. Ra5 Rf6 35. Re5 g5 36. Rf1 Kg6 37. Kd2 Rh7 38. c5 Rxh6 39. b4 Rh2+ 40. Kc3 Rh3+ 41. Kc4 e3 42. b5 f4 43. c6 Rf8 44. c7 Rh2 45. Rc5 Rc2+ 46. Kd5 Rxc5+ 47. Kxc5 e2 48. Rc1 f3 49. Kd4 f2 50. Rc6+ Kg7 51. c8=Q Rxc8 52. Rc7+ Rxc7 0-1


[Site "https://www.chess.com"]

[Event "Titled Tuesday Blitz January 10 Early 2023"]
[White "Lewtak, Damian"]
[Black "Ronka, Erik"]
[WhiteFideId "1141724"]
[BlackFideId "505080"]
[WhiteElo "2381"]
[BlackElo "2276"]
[Result "0-1"]
[Round "08"]
[TimeControl "180+2"]
[Date "2023.01.10"]
[WhiteClock "0:00:23"]
[BlackClock "0:00:05"]

1. e4 c5 2. Nf3 e6 3. d4 cxd4 4. Nxd4 d6 5. Nc3 a6 6. g4 Ne7 7. h4 Nec6 8. Nf3 Qc7 9. h5 h6 10. g5 hxg5 11. Nxg5 b5 12. Be3 Ne5 13. f4 Nc4 14. Bxc4 Qxc4 15. Qf3 b4 16. Ne2 Bb7 17. Nd4 Nc6 18. O-O-O Qxa2 19. Nb3 Na5 20. Nxa5 Qa1+ 21. Kd2 Qxa5 22. Ke2 d5 23. Kf2 dxe4 24. Qe2 Bc5 25. Qd2 Qb5 26. Kg3 Bxe3 27. Qxe3 Ke7 28. Qd4 Bd5 29. Qxg7 Raf8 30. Qg6 fxg6 31. hxg6 Rxh1 32. Rxh1 Rg8 33. Rh7+ Kd8 34. Nf7+ Kc8 35. Nd6+ Kb8 36. Nxb5 Rxg6+ 37. Kf2 axb5 38. Ke3 Rg3+ 39. Kd4 Rg2 40. Kc5 Rxc2+ 41. Kb6 Kc8 42. b3 e3 43. Rc7+ Rxc7 44. Ka6 e2 45. Kb6 e1=Q 46. Ka6 Qa1+ 47. Kxb5 Qa7 48. Kxb4 Qc5+ 0-1


[Site "https://www.chess.com"]

[Event "Titled Tuesday Blitz January 10 Early 2023"]
[White "Korchmar, Vasiliy"]
[Black "Gheorghiu, Calin"]
[WhiteFideId "24131750"]
[BlackFideId "1200305"]
[WhiteElo "2438"]
[BlackElo "2313"]
[Result "1-0"]
[Round "08"]
[TimeControl "180+2"]
[Date "2023.01.10"]
[WhiteClock "0:01:37"]
[BlackClock "0:00:13"]

1. Nf3 b6 2. g3 Bb7 3. Bg2 g6 4. b3 Bg7 5. Nc3 d6 6. O-O e5 7. a4 a6 8. d4 exd4 9. Nxd4 Bxg2 10. Kxg2 c5 11. e3 cxd4 12. exd4 Ne7 13. Qf3 Ra7 14. Bg5 O-O 15. Nd5 Nbc6 16. Bf6 Bxf6 17. Nxf6+ Kg7 18. Rad1 Nf5 19. Nh5+ gxh5 20. Qxf5 Qf6 21. Qxh5 Nxd4 22. Qg4+ Kh8 23. Qxd4 Qxd4 24. Rxd4 Rc7 25. Rxd6 b5 26. a5 Ra8 27. Rc1 Kg7 28. c4 bxc4 29. bxc4 Rac8 30. Rxa6 Rxc4 31. Rxc4 Rxc4 32. Ra8 Ra4 33. a6 Ra3 34. g4 Ra4 35. h3 Ra3 36. f3 Ra4 37. Kg3 Ra3 38. h4 h6 39. g5 hxg5 40. hxg5 f6 41. gxf6+ Kxf6 42. a7 Kg7 43. Kg4 Ra4+ 44. f4 Ra1 45. f5 Rg1+ 46. Kf3 Rf1+ 47. Ke2 Ra1 48. f6+ 1-0


[Site "https://www.chess.com"]

[Event "Titled Tuesday Blitz January 10 Early 2023"]
[White "Kuznetsova, Olga"]
[Black "Khumalo, Keith"]
[WhiteFideId "4191323"]
[BlackFideId "14319470"]
[WhiteElo "2142"]
[BlackElo "2099"]
[Result "1-0"]
[Round "08"]
[TimeControl "180+2"]
[Date "2023.01.10"]
[WhiteClock "0:01:32"]
[BlackClock "0:02:13"]

1. d4 Nf6 2. Nd2 d5 3. Ngf3 g6 4. c4 Bg7 5. cxd5 Nxd5 6. e4 Nb6 7. b3 O-O 8. Bb2 a5 9. Be2 a4 10. O-O Nc6 11. Nc4 Bg4 12. d5 Bxb2 13. Nxb2 Bxf3 14. Bxf3 Ne5 15. Qd4 Nxf3+ 16. gxf3 axb3 17. axb3 Rxa1 18. Rxa1 Qd6 19. Nc4 Qb4 20. Qd3 Nd7 21. Ra4 Qe1+ 22. Qf1 Qxf1+ 23. Kxf1 b5 24. Ra7 bxc4 25. Rxc7 Rc8 26. Rxc8+ 1-0


[Site "https://www.chess.com"]

[Event "Titled Tuesday Blitz January 10 Early 2023"]
[White "Estrada Nieto, Julian"]
[Black "Djokovic, Nebojsa"]
[WhiteFideId "5101018"]
[BlackFideId "938300"]
[WhiteElo "2215"]
[BlackElo "2119"]
[Result "0-1"]
[Round "08"]
[TimeControl "180+2"]
[Date "2023.01.10"]
[WhiteClock "0:00:06"]
[BlackClock "0:00:10"]

1. e4 e6 2. d4 d5 3. Nd2 c5 4. exd5 Qxd5 5. Ngf3 cxd4 6. Bc4 Qd8 7. O-O Nc6 8. Nb3 a6 9. Nbxd4 Nxd4 10. Nxd4 Qc7 11. Bb3 Bd6 12. h3 Ne7 13. c3 O-O 14. Bc2 Ng6 15. Qh5 Bf4 16. Nf3 Bxc1 17. Raxc1 Qf4 18. Rcd1 b5 19. Rd4 Qf6 20. Ng5 h6 21. Ne4 Qe7 22. Nd6 e5 23. Rdd1 Qf6 24. Rfe1 Ra7 25. Bb3 Be6 26. Ne4 Qe7 27. Bxe6 Qxe6 28. a3 Rc8 29. b4 Rac7 30. Nc5 Rxc5 31. bxc5 Rxc5 32. Qf3 Kh7 33. Qd3 Qc6 34. Re3 Rc4 35. g3 e4 36. Qc2 Ne5 37. Rde1 Nd3 38. Rxe4 Rxe4 39. Qxd3 f5 40. Rxe4 fxe4 41. Qd4 Qe6 42. Qe3 Qc4 43. h4 Kg6 44. Kg2 Kf7 45. Qf4+ Kg8 46. Qe5 Qc6 47. Kh2 a5 48. h5 a4 49. Qd4 Qe8 50. Kg2 Kh7 51. Qc5 Kh8 52. Qf5 Kg8 53. Qd5+ Kh7 54. Qc5 Qd7 55. Qd4 Qxd4 56. cxd4 b4 57. axb4 a3 58. d5 a2 59. d6 a1=Q 60. d7 Qa8 61. b5 Qd8 62. b6 Qxd7 63. b7 Qxb7 64. g4 Qf7 65. Kg3 Qf3+ 66. Kh4 e3 67. fxe3 Qxe3 68. g5 Qxg5+ 0-1


[Site "https://www.chess.com"]

[Event "Titled Tuesday Blitz January 10 Early 2023"]
[White "Kamalidenova, Meruert"]
[Black "Maksimenko, Viktor"]
[WhiteFideId "13712802"]
[BlackFideId "13710478"]
[WhiteElo "2350"]
[BlackElo "2196"]
[Result "0-1"]
[Round "08"]
[TimeControl "180+2"]
[Date "2023.01.10"]
[WhiteClock "0:01:12"]
[BlackClock "0:01:29"]

1. c4 e5 2. Nc3 Bb4 3. g3 Bxc3 4. bxc3 d6 5. Bg2 Ne7 6. d4 f6 7. e4 O-O 8. Ne2 Be6 9. Qb3 b6 10. O-O Nbc6 11. Qa4 Bd7 12. Qc2 Na5 13. c5 dxc5 14. dxc5 Be6 15. Rd1 Qe8 16. f4 Nec6 17. f5 Bc4 18. cxb6 axb6 19. Ba3 Rf7 20. Nc1 Rd7 21. Nb3 Bf7 22. Rxd7 Qxd7 23. Rd1 Qe8 24. Bc1 Nc4 25. Bf1 N6a5 26. Nxa5 Nxa5 27. c4 Qc6 28. c5 Nb7 29. Bc4 Qxc5+ 30. Kg2 Qxc4 31. Qxc4 Bxc4 32. a3 Nd6 33. Kf3 Bb3 34. Rd2 Kf7 35. g4 Ke7 36. h4 Kd7 37. g5 Bf7 38. Rd3 Ra4 39. Re3 Bh5+ 40. Kg2 Rxe4 0-1


[Site "https://www.chess.com"]

[Event "Titled Tuesday Blitz January 10 Early 2023"]
[White "Sourath Biswas"]
[Black "Shohat, Yotam"]
[WhiteFideId "35091484"]
[BlackFideId "2813955"]
[WhiteElo "2281"]
[BlackElo "2346"]
[Result "1/2-1/2"]
[Round "08"]
[TimeControl "180+2"]
[Date "2023.01.10"]
[WhiteClock "0:00:14"]
[BlackClock "0:00:02"]

1. d4 Nf6 2. Bf4 e6 3. e3 b6 4. Qf3 d5 5. Nc3 Bb4 6. Ne2 Ba6 7. a3 Bd6 8. Ng3 Bxf1 9. Rxf1 Nbd7 10. Bxd6 cxd6 11. Nb5 O-O 12. Qf4 e5 13. Qg5 h6 14. Qh4 Qc8 15. O-O-O Qc6 16. Nc3 Rfc8 17. Nf5 Kf8 18. Qg3 g6 19. Nxh6 Ne4 20. Qf3 Ndf6 21. Rd3 Kg7 22. Ng4 Nxg4 23. Qxg4 b5 24. Qd1 a5 25. dxe5 dxe5 26. Nxe4 dxe4 27. Rc3 Qe6 28. Rxc8 Rxc8 29. Kb1 b4 30. axb4 axb4 31. b3 Ra8 32. Kb2 Qa6 33. Qa1 Qc6 34. Qe1 Qa6 35. Qa1 Qc6 36. Qe1 Qa6 37. Qa1 1/2-1/2


[Site "https://www.chess.com"]

[Event "Titled Tuesday Blitz January 10 Early 2023"]
[White "Melian, Juan Sebastian"]
[Black "Degenbaev, Aziz"]
[WhiteFideId "3706575"]
[BlackFideId "13802640"]
[WhiteElo "2293"]
[BlackElo "2203"]
[Result "1-0"]
[Round "08"]
[TimeControl "180+2"]
[Date "2023.01.10"]
[WhiteClock "0:00:41"]
[BlackClock "0:00:13"]

1. e4 c5 2. b3 g6 3. Bb2 Nf6 4. e5 Nd5 5. Nc3 Nxc3 6. Bxc3 Bg7 7. h4 h5 8. Nf3 Nc6 9. e6 O-O 10. exf7+ Rxf7 11. Ng5 Rf8 12. Bd3 Qe8 13. Qe2 d5 14. Ne6 Bxe6 15. Qxe6+ Qf7 16. Qxg6 Qxf2+ 17. Kd1 Nd4 18. Qh7+ Kf7 19. Rf1 Qxf1+ 20. Bxf1 Rh8 21. Qd3 Bf6 22. Kc1 e5 23. Bxd4 cxd4 24. Qb5 Ke6 25. Be2 e4 26. d3 Bxh4 27. dxe4 dxe4 28. Bc4+ Kf6 29. Kb2 e3 30. Rf1+ Bf2 31. Qd5 h4 32. Qxd4+ Kg5 33. Qe5+ Kg6 34. Bd3+ Kf7 35. Qxe3 1-0


[Site "https://www.chess.com"]

[Event "Titled Tuesday Blitz January 10 Early 2023"]
[White "Tarasova, Viktoriya"]
[Black "Golubev, Mikhail"]
[WhiteFideId "4175840"]
[BlackFideId "14100983"]
[WhiteElo "2226"]
[BlackElo "2461"]
[Result "0-1"]
[Round "08"]
[TimeControl "180+2"]
[Date "2023.01.10"]
[WhiteClock "0:00:07"]
[BlackClock "0:00:16"]

1. d4 g6 2. c4 Bg7 3. e4 d6 4. Nc3 Nc6 5. Be3 e5 6. Nge2 exd4 7. Nxd4 Nf6 8. Be2 O-O 9. O-O Re8 10. Nxc6 bxc6 11. Qc2 c5 12. Rad1 Bb7 13. Bd3 Ng4 14. Bf4 g5 15. Bg3 h5 16. h3 h4 17. Bh2 Nxh2 18. Kxh2 Be5+ 19. Kg1 Qf6 20. Ne2 Bc8 21. f4 gxf4 22. Qd2 Bxb2 23. Nxf4 Bd4+ 24. Kh1 Qg5 25. Rf3 Rb8 26. Rdf1 Rb2 27. Qe1 Rxa2 28. g3 Ra1 29. gxh4 Rxe1 30. hxg5 Rxf1+ 31. Rxf1 Bb7 32. Nd5 Bxd5 33. cxd5 a5 34. Kg2 a4 35. Kf3 a3 36. Bc4 Rb8 37. h4 Rb4 38. Rc1 Bb2 39. Rc2 Rxc4 40. Rxc4 a2 41. Ra4 a1=Q 42. Rxa1 Bxa1 0-1


[Site "https://www.chess.com"]

[Event "Titled Tuesday Blitz January 10 Early 2023"]
[White "Mendez Fortes, Eduardo Jesus"]
[Black "Gaitan, Juan Manuel"]
[WhiteFideId "3502376"]
[BlackFideId "121657"]
[WhiteElo "2250"]
[BlackElo "2328"]
[Result "0-1"]
[Round "08"]
[TimeControl "180+2"]
[Date "2023.01.10"]
[WhiteClock "0:00:02"]
[BlackClock "0:00:17"]

1. e4 e5 2. Nf3 Nf6 3. d4 Nxe4 4. Bd3 Nc6 5. O-O d5 6. Nxe5 Nxe5 7. dxe5 Nc5 8. Nc3 c6 9. b3 Be7 10. Bb2 O-O 11. f4 a5 12. a4 f5 13. Ne2 Ne4 14. c4 Bc5+ 15. Bd4 Nc3 16. Qd2 Nxe2+ 17. Bxe2 dxc4 18. Bxc4+ Kh8 19. Rad1 Qe7 20. Bxc5 Qxc5+ 21. Qf2 Qe7 22. Rd6 Bd7 23. Rfd1 Be8 24. Qb6 Bh5 25. R1d2 Be8 26. Rd8 Rxd8 27. Rxd8 Qa3 28. Qxa5 Qc1+ 29. Bf1 Qxf4 30. Qc5 Rg8 31. Qd4 Qxd4+ 32. Rxd4 Bf7 33. b4 Be6 34. Rd6 Re8 35. a5 Kg8 36. a6 bxa6 37. Rxc6 Bd5 38. Rd6 Bb3 39. Bxa6 Rxe5 40. b5 Bc4 41. Rb6 Kf8 42. Rb8+ Ke7 43. Kf2 g5 44. g3 h5 45. Ra8 Bxb5 46. Ra7+ Kf6 47. Bc8 Re2+ 48. Kg1 Rc2 49. Bd7 Bd3 50. Ra3 Be4 51. Ra6+ Ke7 52. Bb5 Rg2+ 53. Kf1 Rxh2 54. Rg6 g4 55. Rg5 Kf6 56. Rg8 Rb2 57. Be2 Ke5 58. Rh8 Kd4 59. Kf2 Bf3 60. Rd8+ Ke5 61. Ke3 Rxe2+ 62. Kd3 Re4 63. Re8+ Kf6 64. Rh8 Kg6 65. Rg8+ Kh7 66. Rg5 Kh6 67. Rxf5 Re1 68. Kd2 Rg1 69. Ke3 Rxg3 70. Kf2 Rg2+ 71. Kf1 Ra2 72. Kg1 Rd2 73. Rf8 Kg5 74. Rb8 Kh4 75. Rf8 Kg3 76. Rf4 Rd1# 0-1


[Site "https://www.chess.com"]

[Event "Titled Tuesday Blitz January 10 Early 2023"]
[White "Stanojevic, Ilija"]
[Black "Fiorito, Francisco"]
[WhiteFideId "959995"]
[BlackFideId "180165"]
[WhiteElo "2142"]
[BlackElo "2305"]
[Result "0-1"]
[Round "08"]
[TimeControl "180+2"]
[Date "2023.01.10"]
[WhiteClock "0:02:02"]
[BlackClock "0:02:22"]

1. d4 Nf6 2. c4 g6 3. Nc3 d5 4. h4 h5 5. cxd5 Nxd5 6. e4 Nxc3 7. bxc3 Bg7 8. Nf3 c5 9. Be3 Nc6 10. Bc4 Qa5 11. Ng5 Qxc3+ 0-1


[Site "https://www.chess.com"]

[Event "Titled Tuesday Blitz January 10 Early 2023"]
[White "Lymar, Vladislav"]
[Black "Khalafova, Narmin"]
[WhiteFideId "14162180"]
[BlackFideId "13402625"]
[WhiteElo "2119"]
[BlackElo "2246"]
[Result "1-0"]
[Round "08"]
[TimeControl "180+2"]
[Date "2023.01.10"]
[WhiteClock "0:00:07"]
[BlackClock "0:00:23"]

1. e4 c5 2. c3 d6 3. d4 Nf6 4. Bd3 g6 5. Nf3 Bg7 6. O-O O-O 7. Bc2 b6 8. a4 Bb7 9. Re1 Nc6 10. d5 Ne5 11. Nxe5 dxe5 12. a5 Ne8 13. b4 Rc8 14. a6 Ba8 15. bxc5 Rxc5 16. Be3 Rc8 17. Na3 Nd6 18. Qd3 Qd7 19. c4 e6 20. Bb3 exd5 21. exd5 f5 22. Rac1 f4 23. Bd2 e4 24. Rxe4 Nxe4 25. Qxe4 Rce8 26. Qf3 Qd6 27. Nc2 Qe5 28. Bb4 Rf5 29. Re1 Qb8 30. Rd1 Rd8 31. h3 Qc8 32. Nd4 Bxd4 33. Rxd4 Qxa6 34. Rxf4 Qa1+ 35. Kh2 Qe5 36. g3 Rdf8 37. Bxf8 Rxf4 38. gxf4 Qxf4+ 39. Qxf4 1-0


[Site "https://www.chess.com"]

[Event "Titled Tuesday Blitz January 10 Early 2023"]
[White "Fisher_TheGalactic"]
[Black "Wilson, Elvin"]
[BlackFideId "2014874"]
[WhiteElo "2530"]
[BlackElo "2183"]
[Result "1-0"]
[Round "08"]
[TimeControl "180+2"]
[Date "2023.01.10"]
[WhiteClock "0:00:24"]
[BlackClock "0:00:10"]

1. Nf3 Nf6 2. g3 e6 3. Bg2 c5 4. O-O Be7 5. d3 d5 6. e4 O-O 7. exd5 exd5 8. Re1 Nc6 9. Nbd2 Re8 10. Nf1 h6 11. Bf4 Bf5 12. Ne3 Be6 13. Ne5 Rc8 14. N3g4 Nxg4 15. Nxg4 d4 16. Ne5 Bd5 17. Qh5 Nxe5 18. Bxd5 Qxd5 19. Rxe5 Qd7 20. Rae1 Bf6 21. Rxe8+ Rxe8 22. Rxe8+ Qxe8 23. Qxc5 Qe1+ 24. Kg2 Qb1 25. Qc8+ Kh7 26. Qxb7 Qxc2 27. Qxf7 Qxd3 28. Qd5 Qa6 29. Be5 Bxe5 30. Qxe5 Qb6 31. Qe4+ Kg8 32. b3 Qd6 33. Qe8+ Kh7 34. Qe4+ Kg8 35. Qd3 Qd5+ 36. Kg1 Kf7 37. Qc4 Qxc4 38. bxc4 Ke6 39. Kf1 Kd6 40. Ke2 Kc5 41. Kd3 a5 42. a3 g5 43. h3 h5 44. f4 h4 45. gxh4 gxf4 46. h5 f3 47. h6 f2 48. Ke2 d3+ 49. Kxf2 Kxc4 50. h7 Kc3 51. h8=Q+ Kc2 52. Qd4 d2 53. Ke2 Kb3 54. Kxd2 Kxa3 55. Kc2 a4 56. Qc5+ Ka2 57. Qb4 a3 58. Qb1# 1-0


[Site "https://www.chess.com"]

[Event "Titled Tuesday Blitz January 10 Early 2023"]
[White "Musovic, Armin"]
[Black "Ruiz Aguilar, Pablo Alexander"]
[WhiteFideId "939935"]
[BlackFideId "4401352"]
[WhiteElo "2261"]
[BlackElo "2161"]
[Result "1/2-1/2"]
[Round "08"]
[TimeControl "180+2"]
[Date "2023.01.10"]
[WhiteClock "0:00:09"]
[BlackClock "0:00:34"]

1. a3 d5 2. Nc3 e6 3. e4 dxe4 4. Nxe4 Nd7 5. Nf3 Ngf6 6. Ng3 Bd6 7. d4 c5 8. c3 cxd4 9. cxd4 a6 10. Bd3 O-O 11. O-O b5 12. Re1 Bb7 13. Bg5 Be7 14. Ne5 Nb6 15. Rc1 Qd5 16. Bf1 Rac8 17. Qd3 Rfd8 18. Rxc8 Nxc8 19. h4 Nd6 20. Be3 Nc4 21. Nxc4 bxc4 22. Qxc4 Qxc4 23. Bxc4 Rc8 24. Rc1 Ng4 25. Bg5 Bxg5 26. hxg5 Bd5 27. b3 e5 28. Nf5 Kf8 29. f3 g6 30. Nd6 Rc6 31. fxg4 Rxd6 32. dxe5 Rc6 33. Kf2 Rc5 34. Ke3 Bxc4 35. bxc4 Rxe5+ 36. Kf4 Re2 37. c5 Ke7 38. c6 Kd8 39. c7+ Kc8 40. g3 Ra2 41. Rc3 Re2 42. Kf3 Re5 43. Kf4 Ra5 44. a4 Rxa4+ 45. Ke5 Rxg4 46. Kf6 a5 47. Rc5 a4 48. Kxf7 Rxg3 49. Kg7 a3 50. Kxh7 a2 51. Ra5 Rxg5 52. Rxa2 Kxc7 53. Ra6 Rg1 54. Rxg6 Rxg6 55. Kxg6 1/2-1/2


[Site "https://www.chess.com"]

[Event "Titled Tuesday Blitz January 10 Early 2023"]
[White "Khamdamova, Afruza"]
[Black "Lacasa Diaz, Jose Antonio"]
[WhiteFideId "14210444"]
[BlackFideId "2203375"]
[WhiteElo "2162"]
[BlackElo "2359"]
[Result "1-0"]
[Round "08"]
[TimeControl "180+2"]
[Date "2023.01.10"]
[WhiteClock "0:00:29"]
[BlackClock "0:00:15"]

1. e4 c5 2. Nf3 g6 3. d4 cxd4 4. Nxd4 Nc6 5. Nc3 Bg7 6. Be3 Nf6 7. Bc4 O-O 8. Bb3 Re8 9. f3 e6 10. Qd2 d5 11. exd5 Nxd5 12. Nxc6 bxc6 13. Bd4 e5 14. Bc5 Nxc3 15. Qxd8 Rxd8 16. bxc3 e4 17. O-O Bxc3 18. Rab1 Ba6 19. Rf2 e3 20. Bxe3 Bd4 21. Bxd4 Rxd4 22. Re1 Rad8 23. c3 Rd3 24. Rc2 Rd1 25. Rxd1 Rxd1+ 26. Kf2 Bd3 27. Rb2 Rc1 28. Ke3 Ba6 29. Kd4 c5+ 30. Kxc5 Rxc3+ 31. Kb4 Rc7 32. Rd2 Kg7 33. g3 Bb7 34. f4 Be4 35. Kb5 f5 36. Rd4 Kf6 37. Kb4 Kg7 38. Rc4 Rd7 39. Kc3 Rd3+ 40. Kb4 Rd7 41. Rc5 h5 42. Be6 Rd2 43. Rc7+ Kf6 44. Bc4 Rxh2 45. Rf7# 1-0


[Site "https://www.chess.com"]

[Event "Titled Tuesday Blitz January 10 Early 2023"]
[White "marik_spb"]
[Black "Lesbekova, Assel"]
[BlackFideId "13713248"]
[WhiteElo "2432"]
[BlackElo "1772"]
[Result "1-0"]
[Round "08"]
[TimeControl "180+2"]
[Date "2023.01.10"]
[WhiteClock "0:02:11"]
[BlackClock "0:01:19"]

1. e4 c5 2. c3 d5 3. exd5 Qxd5 4. d4 Nc6 5. Nf3 cxd4 6. cxd4 e5 7. Nc3 Bb4 8. Be3 e4 9. Nd2 Bxc3 10. bxc3 Nf6 11. Qb3 Qxb3 12. axb3 Nd5 13. Nxe4 f5 14. Nd6+ Kd7 15. Nxc8 Nxe3 16. fxe3 Raxc8 17. Kd2 a6 18. Bd3 g6 19. Rhe1 Rhe8 20. e4 fxe4 21. Rxe4 Rf8 22. Re2 Ne7 23. Rae1 Rce8 24. Be4 b6 25. Bb7 a5 26. Ba6 1-0


[Site "https://www.chess.com"]

[Event "Titled Tuesday Blitz January 10 Early 2023"]
[White "Ilkhomi, Jaloliddin"]
[Black "Cepo, Toni"]
[WhiteFideId "14700948"]
[BlackFideId "4675916"]
[WhiteElo "1997"]
[BlackElo "2145"]
[Result "1-0"]
[Round "08"]
[TimeControl "180+2"]
[Date "2023.01.10"]
[WhiteClock "0:00:58"]
[BlackClock "0:00:15"]

1. Nf3 Nf6 2. d4 d5 3. Bf4 g6 4. e3 Bg7 5. Nbd2 O-O 6. c4 c6 7. cxd5 Nxd5 8. Bg3 Bg4 9. Be2 Nd7 10. O-O Re8 11. h3 Bxf3 12. Nxf3 e5 13. dxe5 Nxe5 14. Nxe5 Bxe5 15. Bxe5 Rxe5 16. Qb3 Nb6 17. Rfd1 Qe7 18. a4 Nd5 19. Bf3 Rd8 20. a5 Rd7 21. a6 b5 22. Rac1 Rc7 23. Bxd5 Rxd5 24. Rxd5 cxd5 25. Rxc7 Qxc7 26. Qxb5 Qc1+ 27. Kh2 Qc7+ 28. g3 Qc2 29. Qb8+ Kg7 30. Qe5+ Kg8 31. Kg1 Qc1+ 32. Kg2 Qc4 33. Qd4 Qxa6 34. Qxd5 Qb6 35. b3 a5 36. h4 h5 37. Qc4 Qb7+ 38. e4 Qb6 39. Qc8+ Kg7 40. Qc3+ Kg8 41. Qc4 Kg7 42. f3 Qd8 43. Qd5 Qb6 44. Qe5+ Kg8 45. Qc3 Qb5 46. Kf2 Qb6+ 47. Ke2 Qb5+ 48. Qc4 Qb8 49. f4 Qb7 50. Kf3 Qd7 51. Qc3 Qd1+ 52. Kf2 Qh1 53. Qxa5 Qxe4 54. Qd8+ Kh7 55. Qd2 Qh1 56. Ke3 Qg1+ 57. Qf2 Qc1+ 58. Kd3 Qb1+ 59. Kc4 Qe4+ 60. Qd4 Qc6+ 61. Kb4 Qb7+ 62. Ka4 Qa6+ 63. Kb4 Qb7+ 64. Ka3 Qa6+ 65. Qa4 Qd6+ 66. Qb4 Qa6+ 67. Kb2 Qe2+ 68. Kc1 Qe3+ 69. Kc2 Qxg3 70. Qc4 Qf2+ 71. Kc3 Kg8 72. b4 Qxh4 73. b5 Qf6+ 74. Kb3 h4 75. Ka4 h3 76. Qc8+ Kg7 77. Qxh3 Qxf4+ 78. Kb3 Qb8 79. Qc3+ f6 80. Qc6 Qg3+ 81. Ka4 Qf4+ 82. Ka5 Qd2+ 83. Ka6 Qa2+ 84. Kb7 g5 85. b6 g4 86. Qd7+ Kh6 87. Kc8 Qg8+ 88. Kc7 Qc4+ 89. Kb8 g3 90. Qh3+ Kg6 91. Qxg3+ Kf7 92. Qc7+ 1-0


[Site "https://www.chess.com"]

[Event "Titled Tuesday Blitz January 10 Early 2023"]
[White "Csonka, Balazs"]
[Black "Dudzinski, Pawel"]
[WhiteFideId "742910"]
[BlackFideId "1117890"]
[WhiteElo "2496"]
[BlackElo "2186"]
[Result "1-0"]
[Round "08"]
[TimeControl "180+2"]
[Date "2023.01.10"]
[WhiteClock "0:00:03"]
[BlackClock "0:00:11"]

1. c4 e5 2. g3 c5 3. Bg2 Nc6 4. Nc3 g6 5. e3 Bg7 6. Nge2 Nge7 7. a3 Rb8 8. O-O a6 9. b4 cxb4 10. axb4 Nxb4 11. Ba3 Nbc6 12. Bd6 O-O 13. Bxb8 Nxb8 14. Qb3 Nbc6 15. Rfb1 d6 16. Qb6 Qd7 17. Nd5 Nxd5 18. Bxd5 e4 19. Bxe4 Bxa1 20. Rxa1 Ne5 21. d3 Qg4 22. Nd4 Nxc4 23. Qc7 Nd2 24. Bg2 Be6 25. Qc3 Nb3 26. Nxb3 Rc8 27. Qd4 Qe2 28. Na5 Rc2 29. Rf1 b5 30. Nb7 d5 31. Nd8 Bg4 32. Qxd5 Qd2 33. Qxf7+ Kh8 34. Qf8# 1-0


[Site "https://www.chess.com"]

[Event "Titled Tuesday Blitz January 10 Early 2023"]
[White "Salman, Pavel"]
[Black "Vlassov, Nikolai"]
[WhiteFideId "24153753"]
[BlackFideId "4103360"]
[WhiteElo "2287"]
[BlackElo "2283"]
[Result "1-0"]
[Round "08"]
[TimeControl "180+2"]
[Date "2023.01.10"]
[WhiteClock "0:01:33"]
[BlackClock "0:00:31"]

1. Nf3 c5 2. g3 Nc6 3. Bg2 e5 4. d3 d5 5. O-O f6 6. e4 d4 7. a4 Be6 8. Na3 Qd7 9. a5 g5 10. a6 b6 11. Bxg5 fxg5 12. Nxg5 O-O-O 13. Nxe6 Qxe6 14. f4 Nf6 15. Nc4 Bh6 16. fxe5 Nxe5 17. Nxe5 Be3+ 18. Kh1 Qxe5 19. Bh3+ Kb8 20. Rf5 Qe7 21. Qf3 Rdf8 22. Rf1 Nd7 23. e5 Rxf5 24. Qb7# 1-0


[Site "https://www.chess.com"]